 Dungeon Crawl Stone Soup version 0.18.1-1-g2f07953 (webtiles) character file.

184 Gorice the Slasher (level 5, 0/38 HPs)
             Began as a Demonspawn Warper on May 7, 2016.
             Was an Initiate of Okawaru.
             Killed from afar by a decayed bog body (3 damage)
             ... with a puff of frost
             ... in an ossuary.
             The game lasted 00:18:21 (3580 turns).

Gorice the Slasher (Demonspawn Warper)              Turns: 3580, Time: 00:18:22

Health: 0/38       AC:  7    Str: 13    XL:     5   Next: 36%
Magic:  0/8        EV:  9    Int: 14    God:    Okawaru [......]
Gold:   166        SH:  0    Dex: 12    Spells: 1 memorised, 7 levels left

rFire  . . .     SeeInvis .     a - +1 falchion
rCold  + . .     Gourm    .     h - +0 scale mail
rNeg   . . .     Faith    .     (no shield)
rPois  .         Spirit   +     l - +0 helmet
rElec  .         Dismiss  .     (no cloak)
rCorr  .         Reflect  .     (no gloves)
SustAt .         Harm     .     (no boots)
MR     .....                    r - amulet of guardian spirit
Stlth  ..........               (no ring)
                                (no ring)

@: exhausted, very slightly contaminated, slowed, very slow, not resistant to
hostile enchantments, extremely unstealthy
A: talons 1, cold resistance 1, rot immunity
a: Renounce Religion


You were in an ossuary.
You worshipped Okawaru.
Okawaru was noncommittal.
You were not hungry.

You visited 1 branch of the dungeon, and saw 4 of its levels.
You also visited: Ossuary.

You collected 166 gold pieces.

Inventory:

Hand Weapons
 a - a +1 falchion (weapon)
 b - a +0 hunting sling
Missiles
 g - 61 sling bullets
 n - 18 poisoned needles
 p - 6 tomahawks (quivered)
 w - 21 bolts
 z - 3 javelins
 X - 5 tomahawks of dispersal
 Z - 137 stones
Armour
 h - a +0 scale mail (worn)
 i - a +1 leather armour
 l - a +0 helmet (worn)
Jewellery
 r - an amulet of guardian spirit (around neck)
Scrolls
 d - a scroll of blinking
 q - a scroll of enchant weapon
 x - 3 scrolls of magic mapping {!r}
Potions
 e - a potion of berserk rage
 k - a potion of curing
 m - a potion of agility {unknown}
 o - 2 potions of brilliance {!q}
 s - a potion of resistance {unknown}
 t - a potion of degeneration {unknown}
 u - a potion of ambrosia {unknown}
 A - a potion of cure mutation {unknown}
 B - a potion of flight {unknown}
 C - a potion of invisibility {unknown}
Books
 c - a book of Spatial Translocations
Comestibles
 f - 4 bread rations {!e}
 j - 2 meat rations {!e}


   Skills:
 - Level 2.0 Fighting
 * Level 5.1 Long Blades
 - Level 0.8 Throwing
 - Level 0.8 Armour
 - Level 1.7 Dodging
 - Level 2.0 Spellcasting
 - Level 2.6 Translocations


You had 7 spell levels left.
You knew the following spells:

 Your Spells              Type           Power        Failure   Level  Hunger
A - Apportation           Tloc           #.........   38%         1    ##.....


Dungeon Overview and Level Annotations

Branches:
Dungeon (4/15)
 Temple: D:4-7

Altars:
Gozag
Okawaru
Sif Muna
The Shining One

Annotations:
D:2 vpUX: Yiuf's house, 1 exclusion


Innate Abilities, Weirdness & Mutations

You have sharp toenails.
Your flesh is cold resistant.
You are immune to rotting.


Message History

Your scale mail prevents you from hitting the decayed bog body.
Your kick misses the decayed bog body.
The decayed bog body is lightly damaged.
The decayed bog body hits you but does no damage.
The decayed bog body touches you but does no damage.
The decayed bog body barely misses you. The decayed bog body touches you.
* * * LOW HITPOINT WARNING * * *
The decayed bog body freezes you. You resist.
* * * LOW HITPOINT WARNING * * *
Damage: 3 (max 3) Unknown command.
Unknown command.
Read which item? (? for menu, Esc to quit)
Blink to where?
Press: ? - help, Dir - move target cursor Splash!
You fall into the shallow water.
Moving in this stuff is going to be slow.
You are very lightly contaminated with residual magic.
As you read the scroll of blinking, it crumbles to dust.
Read which item? (? for menu, Esc to quit)
Really read
y - a scroll of teleportation {!r}?
As you read the scroll of teleportation {!r}, it crumbles to dust.
You feel strangely unstable.
Drink which item? (? for menu, Esc to quit)
You feel better.
Your surroundings suddenly seem different.
Splash!
A decayed bog body comes into view.
The decayed bog body points at you and mumbles some strange words.
The puff of frost hits you! You resist.
* * * LOW HITPOINT WARNING * * *
Found four items.
A mummy comes into view.
Damage: 3 (max 3) Saving game... please wait.
Welcome back, Gorice the Demonspawn Warper.
Okawaru says: Bring me glory in combat!
Press ? for a list of commands and other information.
The decayed bog body points at you and mumbles some strange words.
The puff of frost hits you! You resist.
* * * LOW HITPOINT WARNING * * *
Damage: 2 (max 2) Unknown command.
The decayed bog body hits you!
* * * LOW HITPOINT WARNING * * *
The decayed bog body closely misses you.
The decayed bog body points at you and mumbles some strange words.
The puff of frost hits you! You resist.
You die...

#≈≈.+≈'.# ≈≈#
≈#≈##### ##
#≈P≈.#!!!
#≈##.'?
#≈#P.n#!
#≈##≈M#####≈#
#≈..≈≈..≈.≈.
#≈≈#≈.n.#'#+
#≈≈#≈≈#@#P≈.≈.#
## #≈#≈#≈≈###≈#
#### ≈≈# ≈## ##


You could see 2 decayed bog bodies and a mummy.

Vanquished Creatures
  A bog body (Ossuary)
  A mummy (Ossuary)
  Robin (D:1)
  2 adders (D:2)
  2 oozes (D:1)
  4 worms (D:3)
  2 dart slugs (D:1)
  A giant gecko (D:2)
  An orc (D:3)
  A ball python (D:1)
  5 bats
  2 giant cockroaches (D:3)
  20 goblins
  11 hobgoblins
  8 jackals
  2 kobolds
  A quokka (D:3)
  5 giant newts
  A goblin zombie (D:4)
  A quokka zombie (D:4)
  7 rats
79 creatures vanquished.

Vanquished Creatures (others)
  6 withered plants (Ossuary)
6 creatures vanquished.

Grand Total: 85 creatures vanquished

Notes
Turn   | Place    | Note
--------------------------------------------------------------
     0 | D:1      | Gorice the Demonspawn Warper began the quest for the Orb.
     0 | D:1      | Reached XP level 1. HP: 16/16 MP: 3/3
    56 | D:1      | Reached skill level 2 in Long Blades
   252 | D:1      | Gained mutation: You are immune to rotting. [demonic ancestry]
   252 | D:1      | Reached XP level 2. HP: 14/22 MP: 5/5
   795 | D:1      | Reached skill level 3 in Long Blades
   925 | D:1      | Reached XP level 3. HP: 25/27 MP: 6/6
  1441 | D:2      | Noticed Robin
  1614 | D:1      | Killed Robin
  1614 | D:1      | Gained mutation: Your flesh is cold resistant. [demonic ancestry]
  1614 | D:1      | Reached XP level 4. HP: 17/33 MP: 3/7
  1790 | D:1      | Reached skill level 4 in Long Blades
  2601 | D:3      | Found a glowing golden altar of the Shining One.
  2811 | D:3      | Found an iron altar of Okawaru.
  2817 | D:3      | Became a worshipper of Warmaster Okawaru
  2833 | D:3      | Found a faded altar to an unknown god.
  2963 | D:3      | Found an opulent altar of Gozag.
  3296 | D:3      | Found a deep blue altar of Sif Muna.
  3441 | D:4      | Found a sand-covered staircase.
  3464 | Ossuary  | Entered an ossuary
  3468 | Ossuary  | --Oss with bog bodies, luck I got rC mut!
  3481 | Ossuary  | Gained mutation: You have sharp toenails. [demonic ancestry]
  3481 | Ossuary  | Reached XP level 5. HP: 24/38 MP: 5/8
  3558 | Ossuary  | HP: 8/38 [decayed bog body (14)]
  3561 | Ossuary  | Reached skill level 5 in Long Blades
  3570 | Ossuary  | HP: 9/38 [decayed bog body (2)]
  3578 | Ossuary  | HP: 10/38 [decayed bog body/puff of frost (3)]
  3580 | Ossuary  | HP: 3/38 [decayed bog body (7)]
  3580 | Ossuary  | Killed from afar by a decayed bog body

Skill      XL: |  1  2  3  4  5 |
---------------+----------------+-----
Long Blades    | 2 3 4 5 |  5.1
Fighting       | |  2.0
Throwing       | |  0.8
Armour         | |  0.8
Dodging        | |  1.7
Spellcasting   | |  2.0
Translocations | |  2.6

Action                   |  1- 3 |  4- 6 || total
-------------------------+-------+-------++-------
Melee: Falchion          |   143 |    90 ||   233
       Kick              |       |     1 ||     1
 Fire: Hunting sling     |       |    62 ||    62
  Use: Scroll            |     6 |     9 ||    15
       Potion            |       |     3 ||     3
 Stab: Sleeping          |     1 |       ||     1
  Eat: Chunk             |     2 |     6 ||     8
       Pizza             |       |     1 ||     1
Armor: Leather armour    |    45 |    25 ||    70
       Scale mail        |       |    11 ||    11
Dodge: Dodged            |    81 |    50 ||   131

Table legend:
 A = Turns spent in this place as a percentage of turns spent in the entire game.
 B = Non-inter-level travel turns spent in this place as a percentage of non-inter-level travel turns spent in the entire game.
 C = Inter-level travel turns spent in this place as a percentage of turns spent in this place.
 D = Turns resting spent in this place as a percentage of non-inter-level travel turns spent in this place.
 E = Turns spent auto-exploring this place as a percentage of non-inter-level travel turns spent in this place.
 F = Non-inter-level travel turns spent in this place divided by the number of levels of this place that you've seen.
                   A       B       C       D       E      F
               +-------+-------+-------+-------+-------+----------------------
         Total | 100.0 | 100.0 |   0.3 |   2.8 |   4.8 | 272.0
       Dungeon |  95.3 |  95.3 |   0.3 |   2.3 |   5.0 | 324.0
       Ossuary |   4.7 |   4.7 |   0.0 |  12.5 |   0.0 |  64.0
               +-------+-------+-------+-------+-------+----------------------

Vault maps used:
D:1:      elethiomel_arrival_infinity_welcomes_careful_drivers,
          minmay_close_crescents
D:2:      grunt_ministairs_7, uniq_robin, uniq_crazy_yiuf_cottage
D:3:      lemuel_doored_altar, lemuel_round_altar, overflow_temple_1_default,
          lemuel_blue_sif_altar, ecumenical_altar_2
D:4:      enter_ossuary_4, serial_shops, shop, uniq_menkaure, uniq_sigmund
Ossuary:  ossuary_zaba_flooded
